Map: [ESL] Goldenaura

Players

Firefly

  • Race: Protoss Protoss
  • Spawn Location: 5:00

Coffee - Winner!

  • Race: Terran Terran
  • Spawn Location: 12:00

Event: ESL SC2 Masters 2024 Spring (Regional)

VOD

Have the link to the VOD?

Description

Time

  • Played on: April 20, 2024, 7:31 a.m.
  • Length: 7:11

All games in this series

Show
View Real Time Build Order
Export as new Build Order

Firefly Protoss 

Build Orders: 1 Gate Expand, Blink Stalkers 

Get SALT Encoding   

  12  0:00  Probe  
  13  0:12  Probe  
  14  0:17  Pylon  
  14  0:24  Probe  
  15  0:35  Gateway  
  15  0:38  Probe (Chrono Boost)  
  16  0:48  Assimilator, Probe (Chrono Boost)  
  17  0:53  Probe (Chrono Boost)  
  18  1:04  Probe  
  19  1:16  Probe  
  20  1:23  Cybernetics Core  
  20  1:34  Nexus  
  20  1:41  Pylon  
  20  1:45  Probe  
  21  1:52  Assimilator  
  21  1:57  Adept (Chrono Boost)  
  21  1:58  Probe  
  24  2:02  Warp Gate  
  24  2:10  Probe  
  25  2:22  Probe, Adept  
  28  2:34  Probe  
  29  2:40  Twilight Council  
  29  2:46  Probe x2  
  29  2:48  Gateway  
  31  2:58  Robotics Facility, Probe  
  32  3:00  Probe  
  33  3:09  Stalker  
  33  3:10  Probe  
  33  3:12  Probe  
  36  3:22  Blink (Chrono Boost), Probe  
  36  3:24  Probe  
  37  3:34  Probe  
  37  3:37  Probe  
  37  3:40  Pylon  
  39  3:42  Observer (Chrono Boost)  
  39  3:44  Gateway  
  39  3:47  Probe  
  41  3:49  Probe  
  41  3:53  Assimilator  
  42  3:59  Probe  
  42  4:01  Stalker, Probe  
  46  4:04  Stalker  
  46  4:12  Probe  
  46  4:14  Warp Prism (Chrono Boost)  
  46  4:15  Probe  
  48  4:24  Pylon, Probe  
  49  4:27  Probe  
  49  4:30  Stalker  
  52  4:33  Stalker  
  54  4:42  Probe x2  
  56  4:55  Stalker x3  
  62  5:05  Pylon  
  61  5:10  Nexus  
  61  5:15  Probe  
  62  5:23  Probe  
  57  5:30  Stalker  
  57  5:31  Stalker x2  
  57  5:33  Probe  
  57  5:35  Probe  
  63  5:37  Pylon  
  63  5:43  Gateway x2  
  61  5:51  Gateway  
  61  5:54  Gateway  
  61  5:56  Stalker  
  63  5:57  Gateway  
  63  6:02  Stalker  
  63  6:03  Stalker  
  67  6:07  Probe x2  
  67  6:16  Pylon  
  67  6:19  Pylon  
  67  6:23  Probe x2  
  69  6:27  Stalker x2  
  69  6:31  Stalker  
  75  6:38  Stalker x2  
  60  6:48  Stalker  
  60  6:50  Stalker  
  60  6:52  Stalker  
  64  6:54  Stalker  
  56  7:01  Stalker x2  
Show
View Real Time Build Order
Export as new Build Order

Coffee Terran - Winner!

Build Orders: Cyclone Opening, Reaper Expand 

Get SALT Encoding   

  12  0:00  SCV  
  13  0:12  SCV  
  14  0:17  Supply Depot  
  14  0:24  SCV  
  15  0:39  SCV, Barracks  
  16  0:43  Refinery  
  16  0:51  SCV  
  17  1:03  SCV  
  18  1:15  SCV  
  19  1:26  Reaper  
  19  1:27  Orbital Command  
  20  1:41  Command Center  
  20  1:49  Supply Depot  
  20  1:53  SCV  
  21  1:58  Marine  
  22  2:05  SCV  
  23  2:08  Factory  
  23  2:16  Marine  
  23  2:17  SCV  
  25  2:28  Barracks  
  25  2:29  SCV  
  26  2:33  Refinery  
  26  2:34  Marine  
  27  2:41  SCV  
  28  2:53  SCV, Barracks Reactor  
  28  2:54  Cyclone  
  28  2:57  Orbital Command  
  31  3:06  Barracks  
  31  3:08  SCV  
  32  3:15  Barracks Tech Lab  
  32  3:24  SCV x2  
  34  3:27  Factory Tech Lab  
  34  3:33  Stimpack, Marine x2  
  34  3:34  Marine  
  36  3:36  SCV  
  36  3:38  Supply Depot  
  36  3:41  SCV  
  38  3:47  Siege Tank  
  41  3:48  SCV  
  41  3:53  Marine x2  
  41  3:54  Barracks Tech Lab  
  41  3:55  Marine  
  45  3:56  SCV  
  46  4:08  SCV  
  46  4:09  SCV  
  48  4:10  Supply Depot  
  48  4:14  Combat Shield  
  48  4:15  Marine x3  
  50  4:20  SCV  
  50  4:21  SCV  
  52  4:25  Supply Depot  
  52  4:32  Siege Tank, Engineering Bay  
  52  4:36  Refinery  
  52  4:37  SCV x2  
  56  4:41  Bunker  
  56  4:48  Marauder x2  
  56  4:49  Marine  
  56  4:50  Marine  
  56  4:52  SCV  
  63  4:53  SCV  
  63  4:58  Starport  
  64  5:06  SCV x2  
  66  5:08  Marine x3  
  66  5:09  Marine  
  66  5:11  Supply Depot  
  70  5:24  Supply Depot  
  70  5:33  SCV, Siege Tank, Marauder, Marine x2  
  78  5:37  Concussive Shells  
  78  5:42  Supply Depot x2  
  78  5:45  Medivac  
  78  5:46  SCV, Marauder  
  78  5:49  SCV  
  84  5:50  Supply Depot  
  84  5:54  Marine x2  
  85  5:58  SCV  
  85  6:04  Marauder  
  88  6:07  Marauder  
  88  6:08  SCV  
  88  6:10  SCV  
  92  6:13  Marine x2  
  94  6:18  Medivac  
  94  6:21  SCV  
  97  6:27  SCV  
  95  6:39  Marauder x2  
  93  6:40  Marine x2  
  93  6:43  SCV  
  93  6:46  SCV  
  89  6:56  SCV  
Tags
 
Add a new tag
Caveats
  • Supply blocks, unpowered buildings, or Contaminate may cause inaccurate times.
  • Supply counts are checked every 10 seconds.